 Dungeon Crawl Stone Soup version 0.27.1-34-g3ba077fa99 (webtiles) character file.

Game seed: 5243519031645469468

70 cbfl8 the Sneak (level 4, -1/40 HPs)
             Began as a Minotaur Delver on Jan 17, 2022.
             Slain by an orc wizard (4 damage)
             ... on level 4 of the Dungeon.
             The game lasted 00:01:20 (813 turns).

cbfl8 the Sneak (Minotaur Delver)                    Turns: 813, Time: 00:01:21

Health: -1/40      AC:  8    Str: 17    XL:     4   Next: 4%
Magic:  3/3        EV:  7    Int:  7    God:
Gold:   13         SH:  0    Dex: 12    Spells: 3/3 levels left

rFire    . . .     SeeInvis .   a - +0 hand axe
rCold    . . .     Faith    .   (no shield)
rNeg     . . .     Spirit   .   j - +0 chain mail
rPois    .         Reflect  .   (helmet restricted)
rElec    .         Harm     .   (no cloak)
rCorr    .         Rampage  .   (no gloves)
Will     .....                  (no boots)
Stlth    ..........             (no amulet)
HPRegen  0.13/turn              (no ring)
MPRegen  0.08/turn              (no ring)

@: no status effects
A: horns 2, retaliatory headbutt
a: no special abilities


You were on level 4 of the Dungeon.
You visited 1 branch of the dungeon, and saw 2 of its levels.

You collected 13 gold pieces.

Inventory:

Hand Weapons
 a - a +0 hand axe (weapon)
Armour
 b - a +0 leather armour
 j - a +0 chain mail (worn)
Wands
 g - a wand of digging (3)
Scrolls
 c - a scroll of fog
 d - a scroll of magic mapping
 e - a scroll of fear
 h - a scroll of amnesia {unknown}
 i - a scroll of identify {unknown}
 k - a scroll of holy word {unknown}
Potions
 f - a potion of haste


   Skills:
 + Level 4.1 Fighting
 + Level 2.8 Axes
 + Level 1.2 Armour
 + Level 2.5 Dodging
 + Level 4.8 Stealth


You had 3 spell levels left.
You didn't know any spells.
Your spell library was empty.

Dungeon Overview and Level Annotations

Branches:
Dungeon (5/15)
 Temple: D:4-7

Altars:
Fedhas

Annotations:
D:5 Dowan, Duvessa, Menkaure


Innate Abilities, Weirdness & Mutations

You have a pair of horns on your head.
You reflexively headbutt those who attack you in melee.


Message History

You hear some strange, mumbled words.
Something tries to affect you, but you resist.
Something hits you.
You start resting.
Something hits you but does no damage.
You start resting.
Something hits you but does no damage.
You barely miss something. Your headbutt misses something.
Something hits you but does no damage.
You miss something. Something hits you.
You hit something. Your headbutt misses something. Something hits you.
* * * LOW HITPOINT WARNING * * *
You closely miss something. Something hits you but does no damage.
You miss something. Something hits you but does no damage.
Unknown command.
You miss something. You headbutt something.
Something hits you but does no damage.
Unknown command.
You barely miss something. Your headbutt misses something.
Something hits you but does no damage. x2
Unknown command.
You miss something. Something hits you.
* * * LOW HITPOINT WARNING * * *
Unknown command.
You completely miss something. You headbutt something.
Something hits you but does no damage.
Unknown command.
You closely miss something. Your headbutt misses something. Something hits you.
* * * LOW HITPOINT WARNING * * *
Unknown command.
You closely miss something. You headbutt something!
Something hits you but does no damage.
Unknown command.
You miss something.
You hear some strange, mumbled words.
A magic dart appears from out of thin air!
The magic dart hits you.
* * * LOW HITPOINT WARNING * * *
Something hits you but does no damage.
Unknown command.
You miss something. Something hits you.
You die...

### ... #[# #.#
#.###{#.. #........
#)## #.{## ##@.# #..##
#...# ######## #.#.#
#......####.#.##
+......+....#..#
#......#######.##+####
+......'..............
#......######.#.......


There were no monsters in sight!

Vanquished Creatures
  An orc priest (D:4)
  An orc wizard (D:4)
  6 orcs (D:4)
  A goblin (D:4)
  A hobgoblin (D:4)
  A kobold (D:4)
11 creatures vanquished.

Notes
Turn   | Place    | Note
-------+----------+-------------------------------------------
     0 | D:5      | cbfl8 the Minotaur Delver began the quest for the Orb.
     0 | D:5      | Reached XP level 1. HP: 19/19 MP: 0/0
    22 | D:5      | Noticed Menkaure
    45 | D:5      | Noticed Dowan
    46 | D:5      | Noticed Duvessa
    53 | D:4      | Noticed a jelly
    55 | D:4      | Found a blossoming altar of Fedhas.
   510 | D:4      | Noticed an orc wizard
   521 | D:4      | Killed an orc wizard
   522 | D:4      | Reached XP level 2. HP: 8/27 MP: 1/1
   522 | D:4      | Reached XP level 3. HP: 10/33 MP: 2/2
   786 | D:4      | Reached skill level 1 in Armour
   787 | D:4      | Reached XP level 4. HP: 17/40 MP: 3/3
   813 | D:4      | Slain by an orc wizard

Illustrated notes

Levels and vault maps discovered:
D:4:      layout_basic, mainiacjoe_overflow_small_starburst,
          minmay_misc_feat_encased, uniq_eustachio
D:5:      layout_rooms, uniq_duvessa, uniq_menkaure

Skill      XL: |  1  2  3 |
---------------+----------+-----
Fighting       | 4 |  4.1
Armour         | 1 |  1.2
Axes           | |  2.8
Dodging        | |  2.5
Stealth        | |  4.8

Action                   |  1- 3 |  4- 6 || total
-------------------------+-------+-------++-------
Melee: Hand axe          |    23 |    16 ||    39
       Headbutt          |     5 |     3 ||     8
Armor: Leather armour    |     2 |       ||     2
       Chain mail        |     6 |    14 ||    20
Dodge: Dodged            |     8 |       ||     8
